 Dungeon Crawl Stone Soup version 0.29.0-4-gdea44cf6ec (webtiles) character file.

Game seed: 18095043352619220142

90054 sanka the Spry (level 16, -3/129 HPs)
             Began as a Djinni Arcane Marksman on Aug 27, 2022.
             Was the Champion of Makhleb.
             Slain by a skeletal warrior
             ... wielding a +0 battleaxe
              (10 damage)
             ... on level 14 of the Dungeon.
             The game lasted 01:33:19 (35977 turns).

sanka the Spry (Djinni Arcane Marksman)            Turns: 35977, Time: 01:33:20

Health: -3/129     AC: 13    Str:  9    XL:     16   Next: 45%
Gold:   1617       EV: 27    Int: 22    God:    Makhleb [******] SH:  5 Dex: 24

rFire   + + .      SeeInvis .   a - +1 demon blade (flame)
rCold   . . .      Faith    .   I - +0 buckler
rNeg    . . .      Spirit   .   W - +1 steam dragon scales
rPois   ∞          Reflect  .   l - +0 helmet
rElec   .          Harm     .   p - +2 cloak {Stlth+}
rCorr   .          Rampage  .   J - +2 pair of gloves {Dex+3}
Will    +....                   (boots unavailable)
Stlth   ++++......              V - amulet of regeneration
HPRegen 1.11/turn               A - +6 ring of dexterity
MPRegen 0.00/turn               s - ring of protection from cold

@: flying, studying Polearms
A: sickness immunity, fire resistance 2, cold vulnerability 1, float, innate
caster, HP casting, extra vitality 1
a: Renounce Religion, Minor Destruction, Lesser Servant of Makhleb, Major
Destruction, Greater Servant of Makhleb


You were on level 14 of the Dungeon.
You worshipped Makhleb.
Makhleb was exalted by your worship.
You visited 4 branches of the dungeon, and saw 22 of its levels.
You also visited: Ossuary, Ice Cave and Volcano.

You collected 2062 gold pieces.
You spent 445 gold pieces at shops.


Innate Abilities, Weirdness & Mutations

You are immune to sickness and miasma.
You are immune to poison.
Your flesh is very heat resistant. (rF++)
You are vulnerable to cold. (rC-)
You float through the air rather than walking.
You learn spells naturally, not from books.
Your magical power is your life essence.
You have superior vitality. (+4 MHP)


   Skills:
 * Level 16.5 Fighting
 - Level 1.5 Ranged Weapons
 * Level 16.8 Dodging
 - Level 5.0 Stealth
 + Level 14.1 Spellcasting
 - Level 6.0 Evocations


You had 8 spell levels left.
You knew the following spells:

 Your Spells              Type           Power      Damage    Failure   Level
c - Portal Projectile     Hex/Tloc       100%       N/A       1%          3
i - Vampiric Draining     Necr           67%        2d10      1%          3
u - Scorch                Fire           100%       2d10      1%          2
v - Gell's Gravitas       Tloc           67%        N/A       1%          3
x - Inner Flame           Hex/Fire       67%        N/A       1%          3
y - Shock                 Conj/Air       100%       1d9       0%          1
z - Slow                  Hex            100%       N/A       0%          1
C - Freezing Cloud        Conj/Ice/Air   33%        6-21      1%          5
Q - Cause Fear            Hex            33%        N/A       1%          4
X - Animate Dead          Necr           67%        N/A       1%          4
Z - Simulacrum            Ice/Necr       33%        N/A       2%          6
Your spell library was empty.

Inventory:

Hand Weapons
 a - a +1 demon blade of flaming (weapon)
 O - a +1 sling
Missiles
 H - 2 curare-tipped darts {=f}
Armour
 l - a +0 helmet (worn)
 p - a +2 cloak of stealth (worn)
 I - a +0 buckler (worn)
 J - a +2 pair of gloves of dexterity (worn)
 W - +1 steam dragon scales (worn)
Jewellery
 s - a ring of protection from cold (right hand)
 A - a +6 ring of dexterity (left hand)
 V - an amulet of regeneration (around neck)
 Y - a ring of protection from cold
Wands
 k - a wand of roots (9)
 t - a wand of paralysis (3)
 K - a wand of flame (40)
 L - a wand of polymorph (5)
 M - a wand of mindburst (16)
 S - a wand of digging (7)
Scrolls
 b - 3 scrolls of identify {@r1}
 c - a scroll of summoning
 e - 5 scrolls of blinking
 h - 6 scrolls of magic mapping
 n - 2 scrolls of poison
 o - 2 scrolls of torment {!r}
 v - 7 scrolls of teleportation {@r4}
 x - a scroll of brand weapon
 y - 3 scrolls of fear
 z - 6 scrolls of enchant weapon
 N - 7 scrolls of noise {!r}
 P - 3 scrolls of enchant armour
 Q - 7 scrolls of vulnerability {!r}
 T - 2 scrolls of butterflies
 X - a scroll of silence {!r}
Potions
 g - 5 potions of cancellation
 i - 4 potions of attraction {!q}
 j - 8 potions of lignification {!q}
 m - 2 potions of ambrosia
 q - 3 potions of invisibility
 r - 11 potions of curing {@q1}
 u - 6 potions of might
 w - 4 potions of brilliance
 B - 5 potions of mutation {!q}
 C - 3 potions of berserk rage {!q}
 D - 3 potions of degeneration {!q}
 E - a potion of magic {unknown}
 F - 3 potions of haste {@q3}
 G - 4 potions of resistance
 R - 4 potions of heal wounds {@q2}
Miscellaneous
 f - a phial of floods

Dungeon Overview and Level Annotations

Branches:
Dungeon (14/15)            Temple (1/1) D:7            Lair (5/5) D:10
  Swamp (0/4) Lair:2       Spider (0/4) Lair:2        Slime (0/5) Lair:4
    Orc (2/2) D:9             Elf (0/3) Orc:2       Ossuary (visited)
  IceCv (visited)         Volcano (visited)
 Vaults: D:13-14

Altars:
Ashenzari
Cheibriados
Dithmenos
Elyvilon
Fedhas
Gozag
Hepliaklqana
Makhleb
Nemelex Xobeh
Okawaru
Qazlal
Ru
Trog
Uskayaw
Wu Jian
Xom
Yredelemnul
Zin
The Shining One
Jiyva

Shops:
D:12 (   Orc:1 (   Orc:2 :([*[

Annotations:
D:4 1 runed translucent door, Flugkiller's ghost, novice MiFi
D:10 Arum's ghost, journeyman FoFi
Lair:4 2 transporters, Nyzic's ghost, journeyman TrMo
Orc:2 2 transporters, p0werm0de's ghost, journeyman MiFi

▒▒...▒ ▒▒+▒ ▒.....
▒▒...▒▒ ▒..... ▒▒.....▒▒
▒..... ▒▒.......▒▒
▒▒!...▒
▒.........▒▒▒▒...▒▒▒▒▒▒▒
+.......bbbbb...........
▒.......bbbzb......▒
▒.......▒R▒▒▒▒..▒.▒
▒▒>....▒▒b▒ ▒▒.▒ ▒
▒▒...▒▒▒b▒ ▒▒▒.▒ ▒▒'▒▒
▒.▒ ▒...▒ ▒.▒ ▒.▒ ▒.▒▒▒
▒.▒ ▒.▒▒▒.▒▒▒.▒ ▒▒.▒▒
▒.....°...▒
▒▒...▒▒▒▒▒▒▒°▒▒▒▒▒
▒.....▒▒▒▒▒▒.▒


You could see a skeletal warrior (combustible, ally target).


Message History

Flames lash the skeletal warrior.
The skeletal warrior is burned terribly!
The skeletal warrior is heavily damaged.
* * * LOW HITPOINT WARNING * * *
The skeletal warrior barely misses you.
Flames lash the skeletal warrior but do no damage.
* * * LOW HITPOINT WARNING * * *
The skeletal warrior completely misses you.
Flames lash the skeletal warrior but do no damage.
* * * LOW HITPOINT WARNING * * *
The skeletal warrior misses you.
Flames lash the skeletal warrior but do no damage.
* * * LOW HITPOINT WARNING * * *
The skeletal warrior closely misses you.
Flames lash the skeletal warrior.
The skeletal warrior is burned terribly!
The skeletal warrior is severely damaged.
* * * LOW HITPOINT WARNING * * *
The skeletal warrior hits you with a +0 battleaxe!
* * * LOW HITPOINT WARNING * * *
Flames lash the skeletal warrior.
The skeletal warrior is burned terribly!
The skeletal warrior is almost destroyed.
* * * LOW HITPOINT WARNING * * *
The skeletal warrior hits you with a +0 battleaxe!!
* * * LOW HITPOINT WARNING * * *
As you read the scroll of butterflies, it crumbles to dust.
You hear the tinkle of a tiny bell.
The skeletal warrior hits you with a +0 battleaxe!
You die...

Action                   |  1- 3 |  4- 6 |  7- 9 | 10-12 | 13-15 | 16-18 || total
-------------------------+-------+-------+-------+-------+-------+-------++-------
Melee: Sling             |     4 |       |       |     4 |     1 |       ||     9
       Scimitar          |       |       |       |       |    88 |       ||    88
       Demon blade       |       |       |       |       |       |     8 ||     8
 Fire: Sling             |    78 |     3 |    45 |   143 |    31 |       ||   300
 Cast: Shock             |       |    32 |    41 |    58 |    56 |     6 ||   193
       Scorch            |       |    11 |   192 |   450 |   376 |    79 ||  1108
       Animate Dead      |       |       |       |     9 |    16 |       ||    25
       Cause Fear        |       |       |       |     2 |     3 |       ||     5
       Vampiric Draining |       |       |       |       |   595 |    88 ||   683
       Freezing Cloud    |       |       |       |       |    23 |     1 ||    24
       Slow              |       |       |       |       |     1 |       ||     1
       Simulacrum        |       |       |       |       |    14 |    14 ||    28
Evoke: Wand              |       |       |       |     6 |    19 |       ||    25
  Use: Potion            |     1 |       |       |       |     5 |       ||     6
       Scroll            |       |       |     9 |    10 |    17 |     2 ||    38
 Stab: Sleeping          |       |       |       |       |    11 |     1 ||    12
Armor: Robe              |    15 |     4 |    24 |    23 |       |       ||    66
       Steam dragon scal |       |       |       |    55 |   169 |    22 ||   246
       Ring mail         |       |       |       |    10 |       |       ||    10
Dodge: Dodged            |    34 |    13 |    48 |   277 |   913 |   145 ||  1430
Block: Buckler           |       |       |       |    92 |   388 |    35 ||   515
       Reflection        |       |       |       |     2 |    16 |       ||    18

Levels and vault maps discovered:
D:1:      dpeg_arrival_round_c, layout_loops_ring
D:2:      layout_loops_corners, uniq_sigmund, uniq_terence, uniq_jessica
D:3:      layout_loops_ring, serial_shops, shop, ebering_ghost_gozag,
          hellmonk_ecumenical_altar_run_dry, minmay_pentomino_pile
D:4:      layout_basic, ebering_ghost_sewer_d, enter_ossuary_5, uniq_robin,
          uniq_edmund
D:5:      layout_loops_cross, uniq_prince_ribbit1, uniq_crazy_yiuf_cottage
D:6:      layout_basic
D:7:      layout_loops_ring, minitemple, minmay_temple_entry_sparse_star,
          serial_bayou_pond_e, hangedman_decor_lopped, minmay_misc_feat_tiny,
          uniq_duvessa
D:8:      layout_gridville, minmay_misc_feat_nine_boxes, uniq_maurice
D:9:      layout_loops_cross, kennysheep_mini_moat, zombieorc2_lemuel
D:10:     layout_loops_ring, david_lair_shrubbed, ebering_ghost_xom,
          uniq_maggie, uniq_joseph
D:11:     layout_loops_ring, uniq_snorg
D:12:     minmay_the_grid_four_pointed_star
          [minmay_the_grid_triangle_9x9_minimal,
          minmay_the_grid_triangle_9x9_impossible_snake,
          minmay_the_grid_triangle_9x9_sparse_checkered,
          minmay_the_grid_triangle_9x9_zippers_vertical,
          minmay_the_grid_prize_four_corners], layout_cave_pods, serial_glass,
          glass_columns_c, glass_columns_a, glass_columns_b, glass_columns_a,
          glass_columns_b, glass_columns_b, glass_columns_a, glass_columns_a,
          feat_on_display, item_on_display_b, feat_on_display, serial_shops,
          nicolae_shop_advertising_works [nicolae_subvault_shop_adworks]
D:13:     layout_cave_pools, small_statue_intersection,
          minmay_hollow_rounded_squares, uniq_azrael
D:14:     layout_loops_corners, david_vaults_2, roderic_roman_lattice
Temple:   nicolae_temple_bog_church
Lair:1:   layout_regular_city, basic_altar
Lair:2:   layout_regular_city, minmay_swamp_entry_worms, spider_nest_entry_a
Lair:3:   beast_lair_carwin_large_1, layout_gridlike, portal_ice_cave_rime,
          lemuel_fruit_tree, lemuel_fruit_fields
Lair:4:   layout_misc_corridors, slime_entry_1, gammafunk_ghost_hive,
          nicolae_volcano_entry_lava_flow
Lair:5:   minmay_lair_end_enchanted_forest, layout_loops_ring,
          lemuel_centaur_altar, uniq_josephine
Orc:1:    layout_caves, serial_shops, shop, nicolae_orc_sculptors_studio,
          abandoned_shop
Orc:2:    grunt_orc_community_town_hall, layout_caves,
          grunt_orc_community_big_house_1, grunt_orc_community_big_house_2,
          grunt_orc_community_house_3, grunt_orc_community_house_1,
          grunt_orc_community_house_2, grunt_orc_community_house_3,
          serial_shops, nicolae_shop_stone, gammafunk_ghost_berserking_beasts

Notes
Turn   | Place    | Note
-------+----------+-------------------------------------------
     0 | D:1      | sanka the Djinni Arcane Marksman began the quest for the
                  | Orb.
     0 | D:1      | sanka set off with the following spells memorised: Slow,
                  | Inner Flame, Portal Projectile, Cause Fear.
     0 | D:1      | Reached XP level 1. HP: 17/17 MP: 0/0
   145 | D:1      | Reached XP level 2. HP: 15/22 MP: 0/0
   402 | D:1      | Reached skill level 3 in Spellcasting
   468 | D:1      | HP: 2/22 [jackal (3)]
   484 | D:1      | Reached XP level 3. HP: 15/27 MP: 0/0
   484 | D:1      | Learned a level 1 spell: Shock
   990 | D:2      | Noticed Jessica
   993 | D:2      | Killed Jessica
   994 | D:2      | Reached XP level 4. HP: 32/32 MP: 0/0
  1249 | D:2      | Noticed Sigmund
  1257 | D:2      | Killed Sigmund
  1258 | D:2      | Reached skill level 5 in Spellcasting
  1258 | D:2      | Reached XP level 5. HP: 24/37 MP: 0/0
  1258 | D:2      | Learned a level 2 spell: Scorch
  1258 | D:2      | Reached XP level 6. HP: 28/42 MP: 0/0
  1404 | D:2      | You are sucked into a shaft and drop 2 floors!
  1428 | D:4      | Noticed Robin
  1569 | D:4      | Killed Robin
  1592 | D:4      | Noticed an ogre
  1600 | D:4      | Killed an ogre
  1601 | D:4      | Reached XP level 7. HP: 22/47 MP: 0/0
  1601 | D:4      | Learned a level 3 spell: Gell's Gravitas
  1640 | D:4      | Found a sand-covered staircase.
  1811 | Ossuary  | Entered an ossuary
  1833 | Ossuary  | Reached skill level 6 in Spellcasting
  2639 | Ossuary  | Reached XP level 8. HP: 37/52 MP: 0/0
  2727 | Ossuary  | Reached skill level 7 in Spellcasting
  3339 | Ossuary  | Reached skill level 8 in Spellcasting
  3411 | Ossuary  | Reached skill level 2 in Fighting
  3888 | D:3      | Found a faded altar of an unknown god.
  4315 | D:2      | Reached skill level 3 in Fighting
  4392 | D:2      | Noticed Terence
  4395 | D:2      | Killed Terence
  4800 | D:3      | Reached XP level 9. HP: 59/61 MP: 0/0
  4800 | D:3      | Learned a level 3 spell: Vampiric Draining
  4876 | D:3      | Found a runed translucent gate.
  4877 | D:3      | Found a runed translucent gate.
  4877 | D:3      | Found a runed translucent gate.
  4878 | D:3      | Found an opulent altar of Gozag.
  4880 | D:3      | Noticed Arcadio's ghost (weakling MiGl)
  4915 | D:3      | Found Viguru's Jewellery Boutique.
  5325 | D:3      | Reached skill level 4 in Fighting
  5325 | D:3      | Killed Arcadio's ghost
  5906 | D:4      | Noticed Edmund
  5914 | D:4      | Killed Edmund
  5915 | D:4      | Reached skill level 5 in Fighting
  6198 | D:4      | Found a runed translucent door.
  6203 | D:4      | Noticed Flugkiller's ghost (novice MiFi)
  6427 | D:5      | Entered Level 5 of the Dungeon
  6610 | D:5      | Found a runed translucent door.
  6611 | D:5      | Noticed Crazy Yiuf
  6652 | D:5      | Reached skill level 6 in Fighting
  6765 | D:5      | Noticed Prince Ribbit
  6777 | D:5      | Killed Prince Ribbit
  6780 | D:5      | Reached skill level 7 in Fighting
  7412 | D:5      | Killed Crazy Yiuf
  7844 | D:6      | Identified a scroll of acquirement
  7846 | D:6      | Acquired the +2 pair of gloves of Undesirable Species
                  | {Rampage rCorr}
  8013 | D:6      | Reached skill level 8 in Fighting
  8080 | D:6      | Reached skill level 3 in Dodging
  8131 | D:6      | Reached skill level 4 in Dodging
  8131 | D:6      | Reached XP level 10. HP: 68/76 MP: 0/0
  8289 | D:6      | Reached skill level 5 in Dodging
  8547 | D:6      | Reached skill level 6 in Dodging
  8786 | D:7      | Found a staircase to the Ecumenical Temple.
  8810 | Temple   | Entered the Ecumenical Temple
  9078 | Temple   | Became a worshipper of Makhleb the Destroyer
  9158 | D:7      | Reached skill level 7 in Dodging
  9211 | D:7      | Noticed Duvessa
  9224 | D:7      | Noticed Dowan
  9226 | D:7      | Killed Duvessa
  9227 | D:7      | Killed Dowan
  9661 | D:7      | Found a glowing silver altar of Zin.
  9667 | D:7      | Found a broken altar of Ashenzari.
  9667 | D:7      | Found a blossoming altar of Fedhas.
  9667 | D:7      | Found a sparkling altar of Nemelex Xobeh.
  9667 | D:7      | Found an iron altar of Okawaru.
  9669 | D:7      | Found a snail-covered altar of Cheibriados.
  9670 | D:7      | Found a basalt altar of Yredelemnul.
 10024 | D:8      | Reached skill level 8 in Dodging
 10278 | D:8      | Identified the +4 dagger of the Feral God {drain, Dex+2}
 10857 | D:8      | Noticed Maurice
 10892 | D:8      | Killed Maurice
 11897 | D:9      | Reached * piety under Makhleb
 11901 | D:9      | Reached XP level 11. HP: 62/82 MP: 0/0
 11901 | D:9      | Learned a level 4 spell: Animate Dead
 12073 | D:9      | Reached skill level 9 in Dodging
 12358 | D:9      | Reached skill level 9 in Fighting
 12389 | D:9      | Found a hide-covered altar of Uskayaw.
 12798 | D:9      | Found a staircase to the Orcish Mines.
 12818 | D:9      | Reached ** piety under Makhleb
 13610 | D:10     | Entered Level 10 of the Dungeon
 13982 | D:10     | Identified +1 steam dragon scales
 13982 | D:10     | Noticed Maggie
 14003 | D:10     | Noticed Joseph
 14006 | D:10     | Killed Maggie
 14007 | D:10     | Reached skill level 9 in Spellcasting
 14016 | D:10     | Killed Joseph
 14017 | D:10     | Reached skill level 10 in Dodging
 14318 | D:10     | Found a runed translucent door.
 14318 | D:10     | Found a shimmering altar of Xom.
 14318 | D:10     | Noticed a +1 hand axe of chaos
 14318 | D:10     | Noticed Arum's ghost (journeyman FoFi)
 14334 | D:10     | Noticed a cyclops
 14344 | D:10     | Killed a cyclops
 14355 | D:10     | Reached skill level 10 in Fighting
 14358 | D:10     | Reached *** piety under Makhleb
 14708 | D:10     | Found a staircase to the Lair.
 15079 | D:10     | HP: 2/85 [Arum's ghost (15)]
 15493 | D:10     | Identified the +4 hand axe "Gubaepen" {freeze, rElec Dex+3}
 15520 | D:11     | Noticed Snorg
 15532 | D:11     | Killed Snorg
 17177 | Lair:1   | Entered Level 1 of the Lair of Beasts
 17337 | Lair:1   | Reached skill level 1 in Stealth
 17340 | Lair:1   | Reached XP level 12. HP: 65/92 MP: 0/0
 17557 | Lair:1   | Reached skill level 11 in Dodging
 17651 | Lair:1   | Reached skill level 2 in Stealth
 18009 | Lair:1   | Noticed a four-headed hydra
 18014 | Lair:1   | Killed a four-headed hydra
 18085 | Lair:1   | Acquired a manual of Spellcasting
 18132 | Lair:1   | Reached skill level 3 in Stealth
 18135 | Lair:1   | Reached skill level 11 in Fighting
 18208 | Lair:1   | Noticed a four-headed hydra
 18218 | Lair:1   | Killed a four-headed hydra
 18756 | Lair:1   | Reached skill level 4 in Stealth
 19194 | Lair:2   | Reached skill level 12 in Dodging
 19816 | Lair:1   | Reached skill level 5 in Stealth
 19881 | Lair:2   | Found a staircase to the Swamp.
 19923 | Lair:2   | Noticed a catoblepas
 20231 | Lair:2   | Killed a catoblepas
 20267 | Lair:1   | Reached XP level 13. HP: 91/100 MP: 0/0
 20267 | Lair:1   | Learned a level 5 spell: Freezing Cloud
 20271 | Lair:1   | Reached skill level 12 in Fighting
 20574 | Lair:2   | Reached **** piety under Makhleb
 21193 | Lair:2   | Reached skill level 10 in Spellcasting
 21235 | Lair:2   | Found a hole to the Spider Nest.
 22025 | Lair:3   | Found a frozen archway.
 22099 | IceCv    | Entered an ice cave
 22223 | IceCv    | Reached skill level 11 in Spellcasting
 25296 | IceCv    | HP: 6/101 [white ugly thing (10)]
 25317 | IceCv    | HP: 3/101 [white ugly thing (13)]
 25682 | IceCv    | Identified the +2 short sword of Pestilence {elec, Dex+2}
 25767 | Lair:3   | Reached skill level 12 in Spellcasting
 25862 | Lair:3   | Reached skill level 13 in Dodging
 25932 | Lair:3   | Noticed a catoblepas
 25947 | Lair:3   | Killed a catoblepas
 26587 | Lair:4   | Reached skill level 13 in Fighting
 26776 | Lair:4   | Reached XP level 14. HP: 109/110 MP: 0/0
 26801 | Lair:4   | Reached skill level 14 in Dodging
 26804 | Lair:4   | Found a dark tunnel.
 26876 | Volcano  | Entered a volcano
 27279 | Volcano  | Reached ***** piety under Makhleb
 27546 | Volcano  | Noticed a red draconian
 27554 | Volcano  | Killed a red draconian
 27555 | Volcano  | Reached skill level 14 in Fighting
 27610 | Volcano  | Noticed an orb of fire
 27646 | Volcano  | Noticed an orb of fire
 27844 | Volcano  | Reached skill level 15 in Dodging
 27956 | Lair:4   | Found a transporter.
 27956 | Lair:4   | Found a transporter.
 27957 | Lair:4   | Noticed Nyzic's ghost (journeyman TrMo)
 28032 | Lair:4   | Found a viscous altar of Jiyva.
 28032 | Lair:4   | Found a staircase to the Slime Pits.
 28342 | Lair:5   | Entered Level 5 of the Lair of Beasts
 28430 | Lair:5   | Noticed Josephine
 28839 | Lair:5   | Killed Josephine
 29174 | Lair:5   | Reached skill level 15 in Fighting
 29214 | Lair:5   | Reached skill level 1 in Evocations
 29238 | Lair:5   | Reached skill level 2 in Evocations
 29281 | Lair:5   | Reached skill level 3 in Evocations
 29325 | Lair:5   | Reached skill level 4 in Evocations
 29389 | Lair:5   | Reached XP level 15. HP: 120/120 MP: 0/0
 29389 | Lair:5   | Learned a level 6 spell: Simulacrum
 29690 | Lair:5   | Reached skill level 5 in Evocations
 29916 | Lair:5   | Found a white marble altar of Elyvilon.
 30317 | Orc:1    | Entered Level 1 of the Orcish Mines
 30317 | Orc:1    | Noticed an orc warlord
 30388 | D:9      | Killed an orc warlord
 31066 | Orc:1    | Found Byocust's Weapon Emporium.
 31154 | Orc:2    | Entered Level 2 of the Orcish Mines
 31340 | Orc:2    | Found a staircase to the Elven Halls.
 31363 | Orc:2    | Noticed an orc warlord
 31373 | Orc:2    | Reached ****** piety under Makhleb
 31403 | Orc:2    | Killed an orc warlord
 31622 | Orc:2    | Noticed an orc warlord
 31633 | Orc:2    | Killed an orc warlord
 31652 | Orc:2    | Found Plog's Antique Armour Shop.
 31654 | Orc:2    | Reached skill level 6 in Evocations
 31655 | Orc:2    | Found Gylytirph's Antique Weapon Boutique.
 31757 | Orc:2    | Found a transporter.
 31795 | Orc:2    | Found Biw Uza's Book Shop.
 31800 | Orc:2    | Found a transporter.
 31814 | Orc:2    | Noticed p0werm0de's ghost (journeyman MiFi)
 31814 | Orc:2    | Found the +3 hat of Pondering {ponderous, Will+ MP+10
                  | Int+5}
 31986 | Orc:2    | Found Wegen's Antique Armour Emporium.
 32123 | Orc:2    | Found Ystudghie's Assorted Antiques.
 32395 | Orc:2    | Bought a bloodstained leather armour for 203 gold pieces
 32395 | Orc:2    | Identified the +0 leather armour of the Wasteland {Will+
                  | Regen+} (You bought it in a shop on level 2 of the Orcish
                  | Mines)
 32450 | Orc:2    | Bought a glowing golden amulet for 135 gold pieces
 32749 | D:12     | Identified the +5 shortbow of Causality {vorpal, +Blink
                  | rPois Str-2 Dex+3}
 32851 | D:12     | Found Refutuq's Antique Weapon Shop.
 33018 | D:12     | Reached skill level 13 in Spellcasting
 33584 | D:12     | Reached skill level 16 in Dodging
 33851 | D:13     | Noticed Azrael
 34192 | D:11     | Reached skill level 16 in Fighting
 34258 | D:11     | Reached XP level 16. HP: 56/128 MP: 0/0
 34453 | Orc:2    | Bought an embroidered robe for 107 gold pieces
 34802 | D:13     | Killed Azrael
 34885 | D:13     | Identified the +1 robe "Tikhlunoutt" {MP+9 Dex+3}
 35292 | D:13     | Reached skill level 14 in Spellcasting
 35976 | D:14     | HP: 6/129 [skeletal warrior/+0 battleaxe (31)]
 35977 | D:14     | Slain by a skeletal warrior

Vanquished Creatures
  3 orc warlords
  A red draconian (Volcano)
  Snorg (D:11)
  Josephine (Lair:5)
  4 hydras
  2 boulder beetles
  A rakshasa (D:12)
  2 catoblepae
  4 death yaks (Lair:4)
  3 centaur warriors
  A two-headed ogre (D:12)
  2 tengu warriors (D:12)
  A deep elf knight (D:13)
  7 skeletal warriors
  A death drake (shapeshifter) (D:14)
  A lindwurm (Lair:5)
  3 deep elf pyromancers
  3 orc sorcerers
  4 manticores
  6 ugly things
  3 salamanders (Volcano)
  12 cyclopes
  Maurice (D:8)
  3 ice statues (IceCv)
  5 elephants (Lair:2)
  Joseph (D:10)
  2 black mambas
  A gargoyle (Volcano)
  A water nymph (shapeshifter) (D:13)
  3 molten gargoyles (Volcano)
  An unseen horror (D:12)
  6 cane toads
  4 rime drakes
  Maggie (D:10)
  An efreet (Volcano)
  A kobold demonologist (D:12)
  6 komodo dragons
  A yaktaur (D:13)
  8 trolls
  An anaconda simulacrum (IceCv)
  A freezing wraith (IceCv)
  4 hornets
  Prince Ribbit (D:5)
  A tyrant leech (Lair:2)
  5 polar bears (Lair:5)
  14 blink frogs
  A slime creature (D:12)
  2 dream sheep (Lair:5)
  Sigmund (D:2)
  2 jumping spiders (Lair:2)
  A shadow (D:9)
  7 wraiths
  4 wyverns
  3 fire elementals
  28 yaks
  11 spriggans (Lair:5)
  4 basilisks
  7 vampire mosquitoes
  A death yak simulacrum (IceCv)
  2 redbacks (Lair:2)
  A steam dragon (D:8)
  Edmund (D:4)
  A harpy simulacrum (IceCv)
  3 wargs (Orc:2)
  3 swamp worms (Lair:2)
  An acid dragon (D:10)
  12 water moccasins
  2 hell hounds
  Duvessa (D:7)
  A hydra simulacrum (IceCv)
  2 sky beasts
  33 orc warriors
  4 boggarts (Lair:5)
  7 ogres
  34 wolves
  9 centaurs
  2 phantoms
  2 kobold brigands
  13 bullfrogs
  A gnoll sergeant (D:11)
  A necrophage (D:8)
  10 scorpions
  17 wights
  A cane toad simulacrum (IceCv)
  3 troll zombies (D:9)
  Dowan (D:7)
  4 killer bees (D:10)
  An elephant simulacrum (IceCv)
  4 howler monkeys
  2 centaur zombies (Ossuary)
  2 jellies (D:6)
  11 orc priests
  3 hounds
  5 human zombies (Ossuary)
  Crazy Yiuf (D:5)
  Jessica (D:2)
  2 iguanas (Lair:3)
  Terence (D:2)
  17 orc wizards
  4 hell rats (Lair:2)
  2 polar bear simulacra (IceCv)
  7 scorpion zombies (Ossuary)
  6 ogre zombies
  The ghost of Arcadio the Cutter, a weakling MiGl of the Shining One (D:3)
  3 mummies (Ossuary)
  A hell rat zombie (Lair:2)
  Robin (D:4)
  12 gnolls
  5 adders
  A shadow imp (D:5)
  An ufetubus (D:6)
  A dart slug (D:3)
  66 orcs
  8 endoplasms
  2 giant cockroaches
  2 gnoll zombies (Ossuary)
  14 goblins
  10 hobgoblins
  6 jackals
  2 quokkas
  2 ball pythons (D:1)
  8 bats
  4 frilled lizards
  3 goblin skeletons (D:9)
  5 goblin zombies
  A hobgoblin skeleton (D:9)
  4 hobgoblin zombies
  16 kobolds
  A kobold zombie (Ossuary)
  2 orc skeletons (D:9)
  24 orc zombies
  6 rats
664 creatures vanquished.

Vanquished Creatures (collateral kills)
  Azrael (D:13)
  2 boulder beetles (D:13)
  A hydra (Lair:1)
  A catoblepas (Lair:3)
  A death yak (Lair:4)
  A skeletal warrior (D:13)
  An orc knight (D:12)
  A deep elf pyromancer (D:13)
  A black mamba (Lair:4)
  4 cane toads
  2 rime drakes
  3 komodo dragons
  3 blink frogs (Lair:4)
  A slime creature (D:13)
  A spriggan (Lair:5)
  2 basilisks (Lair:3)
  11 yaks
  4 vampire mosquitoes
  4 water moccasins
  3 orc warriors
  A black bear (Lair:5)
  2 ogres
  A centaur (D:10)
  2 boggarts
  3 bullfrogs
  2 killer bees (D:10)
  A howler monkey (D:12)
  A hell rat (Lair:2)
  2 iguanas (Lair:3)
  10 orcs
  2 kobolds (D:10)
  2 butterflies (Lair:3)
77 creatures vanquished.

Vanquished Creatures (others)
  An ugly thing zombie (D:12)
  A molten gargoyle (Volcano)
  A boulder beetle zombie (D:12)
  An orc warrior (Orc:2)
  An elephant zombie (Lair:2)
  6 blink frog zombies (Lair:4)
  A hornet zombie (Lair:5)
  A rime drake zombie (Lair:2)
  2 komodo dragon zombies
  A cyclops zombie (D:10)
  2 wyvern zombies
  2 water moccasin zombies
  4 yak zombies
  2 spriggan zombies (Lair:5)
  4 wolf zombies
  A centaur zombie (D:10)
  A boggart zombie (Lair:5)
  5 killer bee zombies (D:10)
  An ogre zombie (Orc:2)
  An acid dragon zombie (D:10)
  A boggart simulacrum (D:13)
  A hell rat zombie (Lair:2)
  6 kobold zombies (D:10)
  20 orc zombies
  67 fungi
  94 plants
228 creatures vanquished.

Grand Total: 969 creatures vanquished
